 Dungeon Crawl Stone Soup version 0.30-a0-748-ge6a52f7cba (webtiles) character file.

Game seed: 5480894754508882155

2576 Leeroy the Nimble (level 9, -1/43 HPs)
             Began as a Vine Stalker Warper on Feb 8, 2023.
             Slain by a yak (5 damage)
             ... on level 6 of the Dungeon.
             The game lasted 00:10:46 (7378 turns).

Leeroy the Nimble (Vine Stalker Warper)             Turns: 7378, Time: 00:10:47

Health: -1/43      AC:  3    Str: 10 (13) XL:     9   Next: 57%
Magic:  0/19       EV: 16    Int: 15 (16) God:
Gold:   603        SH:  0    Dex: 19      Spells: 11/20 levels left

rFire   x . .      SeeInvis .    W - +2 short sword "Earthworm" {freeze, Int+3}
rCold   + . .      Faith    .    (no shield)
rNeg    . . .      Spirit   +    b - +0 leather armour
rPois   .          Reflect  .    (helmet restricted)
rElec   .          Harm     .    (no cloak)
rCorr   +          Rampage  .    (no gloves)
Will    +....                    (no boots)
Stlth   +                        (no amulet)
HPRegen 1.07/turn                o - ring of resist corrosion
MPRegen 0.16/turn                t - ring of ice

@: studying Shields
A: fangs 3, regeneration 1, magic shield, antimagic bite, no potion heal 2,
horns 1, deterioration 1
a: no special abilities


You were on level 6 of the Dungeon.
You visited 1 branch of the dungeon, and saw 7 of its levels.
You also visited: Ossuary.

You collected 603 gold pieces.

Inventory:

Hand Weapons
 m - a +0 long sword
 z - a +0 rapier
 A - a +0 dagger of flaming
 M - a +2 quarterstaff of speed
 U - a +3 short sword
 W - the +2 short sword "Earthworm" (weapon) {freeze, Int+3}
   (You found it on level 6 of the Dungeon)

   Int:       It affects your intelligence (+3).
Missiles
 d - 3 boomerangs of dispersal
 i - 12 poisoned darts
 w - 4 boomerangs (quivered)
 N - 4 javelins
Armour
 a - a +0 plate armour
 b - a +0 leather armour (worn)
 B - a +0 helmet
Magical Staves
 l - a staff of air
 O - a staff of conjuration
Jewellery
 o - a ring of resist corrosion (left hand)
 t - a ring of ice (right hand)
 x - a ring of willpower
 P - a +6 ring of intelligence
 V - a ring of positive energy
 Z - an amulet of magic regeneration
Wands
 u - a wand of polymorph (5)
 v - a wand of iceblast (2)
 L - a wand of mindburst (16)
Scrolls
 c - 4 scrolls of blinking
 e - 3 scrolls of teleportation
 g - 3 scrolls of fog
 k - a scroll of amnesia
 n - 4 scrolls of enchant weapon
 s - a scroll of magic mapping
 y - a scroll of enchant armour {unknown}
 C - a scroll of immolation {unknown}
 D - a scroll of vulnerability {unknown}
 F - 5 scrolls of identify
 R - a scroll of fear {unknown}
 T - 5 scrolls of poison {unknown}
 X - a scroll of torment {unknown}
 Y - a scroll of brand weapon {unknown}
Potions
 f - 2 potions of might {unknown}
 h - 3 potions of ambrosia {unknown}
 j - a potion of berserk rage {unknown}
 p - 8 potions of curing {unknown}
 q - a potion of attraction {unknown}
 r - a potion of brilliance {unknown}
 E - 2 potions of flight {unknown}
 G - a potion of cancellation {unknown}
 H - 3 potions of invisibility {unknown}
 I - 2 potions of heal wounds {unknown}
 J - a potion of degeneration {unknown}
 K - 3 potions of lignification
 Q - a potion of haste
 S - a potion of resistance {unknown}


   Skills:
 + Level 2.9 Fighting
 - Level 5.0 Long Blades
 - Level 0.8 Throwing
 - Level 2.1 Armour
 - Level 8.0 Dodging
 - Level 6.1 Spellcasting
 - Level 3.0 Translocations


You had 11 spell levels left.
You knew the following spells:

 Your Spells              Type           Power      Damage    Failure   Level
a - Blink                 Tloc           26%        N/A       9%          2
b - Vhi's Electric Charg  Tloc/Air       18%        N/A       30%         3
c - Manifold Assault      Tloc           13%        N/A       50%         4

Your spell library contained the following spells:

 Spells                   Type           Power      Damage    Failure   Level
 Lesser Beckoning         Tloc           26%        N/A       9%          2
 Teleport Other           Tloc           13%        N/A       17%         3
 Shock                    Conj/Air       16%        1d4       19%         1
 Swiftness                Air            4%         N/A       50%         3
 Airstrike                Air            2%         2d(1-17)  88%         4


Dungeon Overview and Level Annotations

Branches:
Dungeon (7/15)            Ossuary (visited)
 Temple: D:4-7

Altars:
Ashenzari
Cheibriados
Elyvilon
Gozag
Okawaru
Wu Jian
Xom
Yredelemnul
Zin

Annotations:
D:6 2 transporters, jazmu's ghost, novice DsMo


Innate Abilities, Weirdness & Mutations

You have razor-sharp teeth.
Your natural rate of healing is unusually fast.
When hurt, damage is shared between your health and your magic reserves.
Your bite disrupts and absorbs the magic of your enemies.
Potions cannot restore your health.
You have a pair of small horns on your head.
Your body sometimes deteriorates upon taking damage.


Message History

You barely miss the yak. You headbutt the yak.
You bite the yak, but do no damage.
The yak is moderately wounded.
The yak closely misses you.
You hit the yak but do no damage. You bite the yak. You drain its power.
You feel invigorated.
The yak is moderately wounded.
The yak gores you.
You hit the yak but do no damage.
The yak is moderately wounded.
The yak gores you!
* * * LOW HITPOINT WARNING * * *
You hit the yak but do no damage. You headbutt the yak, but do no damage.
You bite the yak. You drain its power.
You feel invigorated.
The yak is moderately wounded.
The yak gores you!
* * * LOW HITPOINT WARNING * * *
Your body deteriorates!
You feel weakened.
You barely miss the yak.
The yak is moderately wounded.
The yak misses you.
You hit the yak. You freeze the yak. Your bite misses the yak.
The yak is heavily wounded.
The yak gores you but does no damage.
You hit the yak but do no damage.
The yak is heavily wounded.
You hit the yak. You freeze the yak. You punch the yak, but do no damage.
You bite the yak. You drain its power.
You feel invigorated.
The yak is severely wounded.
The yak gores you!
* * * LOW HITPOINT WARNING * * *
Your body deteriorates!
You feel dopey.
You hit the yak. You freeze the yak. Your bite misses the yak.
The yak is almost dead.
The yak misses you.
You hit the yak. You freeze the yak. You bite the yak. You drain its power.
You feel invigorated.
The yak is almost dead.
The yak gores you!
You die...

...#.##.# #...##.5...#.##.#
...###..# #...#..#.#...#..#
...###''###.>.#..#.#...#.##
..##......#...##.......#.#
...#.♣.♣♣.#....###...###.#
#.##.♣♣)..#......#####...#
...#..)♣♣.##.###YY.....###
..<#.♣♣.♣.#....#Y#######
...#......##.#.#@#
...#########.#.#.#
#.......#..#.#.#.##############
#########..#.#................#
#########..#.#.#..###########.#
...........#.#....#.........#.#
#########.##.####.#...#####.#.#
#.........#.........#.#
####......#....###..#.#


You could see 3 yaks.

Vanquished Creatures
  Sigmund (D:4)
  Eustachio (D:4)
  A steam dragon (D:6)
  4 ice beasts
  3 black bears (D:6)
  An ogre (D:5)
  A centaur (D:6)
  A phantom (D:5)
  A bullfrog (D:5)
  4 scorpions (D:5)
  3 wights
  2 hounds (D:5)
  A gnoll bouda (D:5)
  8 iguanas
  Natasha (thrice) (D:2)
  An orc wizard (D:6)
  9 mummies
  4 gnolls
  14 adders
  4 white imps
  3 worms
  A dart slug (D:2)
  11 orcs
  6 bats
  6 endoplasms
  3 giant cockroaches
  2 gnoll zombies (Ossuary)
  8 goblins
  7 hobgoblins
  4 jackals (D:5)
  3 quokkas
  9 ball pythons
  3 frilled lizards
  2 hobgoblin zombies (Ossuary)
  10 kobolds
  4 orc zombies (Ossuary)
  4 rats
153 creatures vanquished.

Vanquished Creatures (others)
  5 fungi (D:7)
  5 toadstools (D:7)
10 creatures vanquished.

Grand Total: 163 creatures vanquished

Notes
Turn   | Place    | Note
-------+----------+-------------------------------------------
     0 | D:1      | Leeroy the Vine Stalker Warper began the quest for the Orb.
     0 | D:1      | Reached XP level 1. HP: 11/11 MP: 4/4
   324 | D:1      | Reached XP level 2. HP: 7/15 MP: 3/6
   847 | D:2      | Reached XP level 3. HP: 5/18 MP: 3/7
   848 | D:2      | Gained mutation: Your body sometimes deteriorates upon
                  | taking damage. [potion of mutation]
   848 | D:2      | Gained mutation: You have a pair of small horns on your
                  | head. [potion of mutation]
  1586 | D:2      | Noticed Natasha
  1595 | D:2      | Killed Natasha
  1596 | D:2      | Gained mutation: Your natural rate of healing is unusually
                  | fast. [Vine Stalker growth]
  1596 | D:2      | Reached XP level 4. HP: 23/23 MP: 8/8
  1636 | D:2      | Noticed Natasha
  1644 | D:2      | Killed Natasha
  2802 | D:2      | Noticed Natasha
  2817 | D:2      | Killed Natasha
  2818 | D:2      | Reached XP level 5. HP: 25/26 MP: 7/9
  3120 | D:3      | Reached skill level 5 in Long Blades
  3336 | D:3      | Learned a level 2 spell: Blink
  3340 | D:3      | Learned a level 3 spell: Vhi's Electric Charge
  3535 | D:3      | Found a faded altar of an unknown god.
  3707 | D:4      | Noticed Eustachio
  3719 | D:4      | Killed Eustachio
  3720 | D:4      | Reached XP level 6. HP: 22/30 MP: 9/13
  3870 | D:4      | Found a snail-covered altar of Cheibriados.
  4292 | D:4      | Noticed Sigmund
  4303 | D:4      | Killed Sigmund
  4304 | D:4      | Reached skill level 5 in Spellcasting
  4304 | D:4      | Reached XP level 7. HP: 34/34 MP: 13/16
  4616 | D:5      | Entered Level 5 of the Dungeon
  4668 | D:5      | Found a sand-covered staircase.
  4680 | Ossuary  | Entered an ossuary
  4753 | Ossuary  | Reached skill level 1 in Armour
  5057 | Ossuary  | Learned a level 4 spell: Manifold Assault
  5094 | D:5      | Reached skill level 2 in Dodging
  5161 | D:5      | Found an iron altar of Okawaru.
  5209 | D:5      | Found a shimmering altar of Xom.
  5215 | D:5      | Reached skill level 3 in Dodging
  5215 | D:5      | Gained mutation: You have razor-sharp teeth. [Vine Stalker
                  | growth]
  5215 | D:5      | Reached XP level 8. HP: 38/38 MP: 18/18
  5223 | D:5      | Found an opulent altar of Gozag.
  5244 | D:5      | Found a broken altar of Ashenzari.
  5247 | D:5      | Found an ornate altar of the Wu Jian Council.
  5441 | D:5      | Reached skill level 4 in Dodging
  5568 | D:5      | Reached skill level 5 in Dodging
  5737 | D:5      | Reached skill level 6 in Dodging
  6080 | D:6      | Reached XP level 9. HP: 19/40 MP: 5/19
  6106 | D:6      | Identified the +2 short sword "Earthworm" {freeze, Int+3}
  6119 | D:6      | Found a transporter.
  6123 | D:6      | Noticed jazmu's ghost (novice DsMo)
  6173 | D:6      | Found a glowing silver altar of Zin.
  6266 | D:6      | Reached skill level 7 in Dodging
  6338 | D:6      | Found a white marble altar of Elyvilon.
  6495 | D:6      | Found a basalt altar of Yredelemnul.
  6623 | D:6      | Found a transporter.
  6993 | D:6      | Reached skill level 8 in Dodging
  7376 | D:6      | HP: 2/43 [yak (7)]
  7378 | D:6      | Slain by a yak

Illustrated notes

Levels and vault maps discovered:
D:1:      lightli_iron_boxes, layout_loops_cross
D:2:      layout_basic, uniq_natasha
D:3:      layout_loops_ring, shapermc_ecumenical_altar_mp_vishouse,
          minmay_shallow_snake_nest
D:4:      layout_basic, mainiacjoe_overflow_brackets, uniq_eustachio,
          uniq_sigmund
D:5:      layout_cave_pods, grunt_temple_overflow_cloverleaf,
          okawaru_ov_weapons_minmay, gup_ossuary_entry_pyramid, minmay_bent
D:6:      layout_basic, mainiacjoe_overflow_surrounded_room, lemuel_tele_altar,
          zin_academy, gammafunk_ghost_stat_death, serial_glass,
          glass_columns_c, glass_columns_a, kennysheep_generic_room_12
D:7:      layout_cave_pools, minmay_temple_entry_poolview,
          minmay_gold_behind_fungi, mrwooster_statue_mirror,
          nicolae_shop_self_help, uniq_menkaure

Skill      XL: |  1  2  3  4  5  6  7  8  9 |
---------------+----------------------------+-----
Long Blades    | 2 3 4 5 |  5.0
Spellcasting   | 4 5 6 |  6.1
Armour         | 2 |  2.1
Dodging        | 3 6 8 |  8.0
Fighting       | 2 |  2.9
Throwing       | |  0.8
Translocations | |  3.0

Action                     |  1- 3 |  4- 6 |  7- 9 || total
---------------------------+-------+-------+-------++-------
  Melee: Falchion          |    31 |       |       ||    31
         Bite              |    18 |    22 |    94 ||   134
         Long sword        |    57 |   104 |    89 ||   250
         Unarmed           |     4 |    11 |       ||    15
         Headbutt          |     4 |    20 |    81 ||   105
         Punch             |       |     2 |     4 ||     6
         Quarterstaff      |       |       |   103 ||   103
         Short sword       |       |       |   122 ||   122
  Throw: Boomerang         |       |       |     7 ||     7
   Cast: Vhi's Electric Ch |       |     1 |     1 ||     2
         Blink             |       |       |     5 ||     5
  Evoke: Wand              |       |       |     3 ||     3
    Use: Potion            |     2 |       |       ||     2
         Scroll            |       |     1 |     6 ||     7
   Stab: Sleeping          |     1 |     1 |     1 ||     3
         Distracted        |       |     1 |       ||     1
 Armour: Leather armour    |    25 |    20 |    46 ||    91
         Skin              |     1 |     3 |       ||     4
  Dodge: Dodged            |    65 |    55 |   244 ||   364

Table legend: (Time is in decaauts)
 A = Elapsed time spent in this place.
 B = Non-inter-level travel time spent in this place.
 C = Inter-level travel time spent in this place.
 D = Time resting spent in this place.
 E = Time spent auto-exploring this place.
 F = Levels seen in this place.
 G = Mean time per level.
                   A        B        C        D        E       F      G
               +--------+--------+--------+--------+--------+-----+--------+
         Total |   7395 |   6900 |    495 |    669 |   4581 |   8 |  924.4 |
       Dungeon |   7009 |   6514 |    495 |    667 |   4405 |   7 | 1001.3 |
       Ossuary |    386 |    386 |      0 |      2 |    176 |   1 |  386.0 |
               +--------+--------+--------+--------+--------+-----+--------+

Top non-repeatable levels by time:
     D:2: 2132 daAuts
     D:5: 1171 daAuts
     D:6: 1119 daAuts
     D:4: 955 daAuts
     D:3: 825 daAuts
     D:1: 736 daAuts
 Ossuary: 386 daAuts
     D:7: 68 daAuts
